Description

Co-op Scythe of Amon

Build Order

Get SALT Encoding   

  1  2:48  Action 上或左  
  2  7:00  Action 左或上(与上次相反)  
  99  7:01  Bunker 奖励出发  
  3  9:00  Action  
  4  12:30  Action  
  99  13:00  Bunker 奖励第一次移动  
  5  16:00  Action 上或左  
  99  16:01  Bunker 奖励第二次移动  
  6  19:00  Action 上或左  
  7  22:00  Action 上或左  
  8  24:00  Action 上或左  
  9  26:00  Action 上或左  
Spawning Tool Build Advisor. Get it on Overwolf

Go to:

Details

  • Created by: Arbalest
  • Published on: Jan 01, 2020
  • Modified on: Jan 02, 2020
  • Patch: 4.11.0
Show
View Real Time Build Order
Export as new Build Order

Comments (0)

There are no comments. Be the first!

Create an account to comment!